 Dungeon Crawl Stone Soup version 0.28.0-47-ge53b351184 (webtiles) character file.

Game seed: 8334783897388451650

123 Allula97 the Chiller (level 4, -1/32 HPs)
             Began as a Demonspawn Ice Elementalist on May 8, 2022.
             Slain by Duvessa
             ... wielding a +0 short sword
              (6 damage)
             ... on level 4 of the Dungeon.
             The game lasted 00:08:43 (2996 turns).

Allula97 the Chiller (Demonspawn Ice Elementalist)  Turns: 2996, Time: 00:08:44

Health: -1/32      AC:  4    Str: 11    XL:     4   Next: 80%
Magic:  0/8        EV: 11    Int: 16    God:
Gold:   41         SH:  0    Dex: 13    Spells: 5/9 levels left

rFire   . . .      SeeInvis +   e - staff of cold
rCold   + . .      Faith    .   (no shield)
rNeg    . . .      Spirit   +   h - +0 leather armour
rPois   +          Reflect  .   (no helmet)
rElec   .          Harm     .   (no cloak)
rCorr   .          Rampage  .   (no gloves)
Will    .....                   k - +0 pair of boots
Stlth   ++........              b - amulet of guardian spirit
HPRegen 0.10/turn               q - ring of see invisible
MPRegen 0.11/turn               s - ring of poison resistance

@: no status effects
A: spiny 1, demonic touch 1
a: no special abilities


You were on level 4 of the Dungeon.
You visited 1 branch of the dungeon, and saw 4 of its levels.

You collected 155 gold pieces.
You spent 114 gold pieces at shops.

Inventory:

Armour
 h - a +0 leather armour (worn)
 k - a +0 pair of boots (worn)
Magical Staves
 e - a staff of cold (weapon)
Jewellery
 b - an amulet of guardian spirit (around neck)
 n - a ring of resist corrosion
 q - a ring of see invisible (left hand)
 s - a ring of poison resistance (right hand)
Scrolls
 a - a scroll of holy word {unknown}
 c - a scroll of fear {unknown}
 i - a scroll of enchant armour {unknown}
 j - a scroll of identify {unknown}
 l - a scroll of amnesia
 o - a scroll of teleportation {unknown}
 r - a scroll of fog {unknown}
Potions
 d - a potion of resistance {unknown}
 f - a potion of attraction {unknown}
 g - a potion of lignification {unknown}
 m - a potion of cancellation
 p - 2 potions of brilliance {unknown}


   Skills:
 * Level 1.5 Fighting
 + Level 0.1 Staves
 * Level 0.6 Armour
 + Level 1.8 Dodging
 - Level 1.7 Stealth
 * Level 3.0 Spellcasting
 * Level 4.5 Ice Magic
 * Level 1.0 Evocations


You had 5 spell levels left.
You knew the following spells:

 Your Spells              Type           Power      Damage    Failure   Level
a - Freeze                Ice            100%       1d11      3%          1
b - Frozen Ramparts       Ice            50%        1d7       12%         3

Your spell library contained the following spells:

 Spells                   Type           Power      Damage    Failure   Level
 Ozocubu's Armour         Ice            25%        N/A       12%         3
 Hailstorm                Conj/Ice       14%        3d5       67%         4


Dungeon Overview and Level Annotations

Branches:
Dungeon (4/15)
 Temple: D:4-7

Altars:
Elyvilon

Shops:
D:1 *(

Annotations:
D:4 Duvessa


Innate Abilities, Weirdness & Mutations

You are partially covered in sharp spines.
Your touch may inflict minor irresistible damage on your foes.


Message History

Duvessa is moderately wounded.
Duvessa hits you with a +0 short sword!
Casting: Freeze (safe; 3% risk of failure)
Confirm with . or Enter, or press ? or * to list all spells.
Aiming: Freeze (safe; 3% risk of failure)
Press: ? - help, Shift-Dir - straight line, f/p - Duvessa
Aim: Duvessa, wielding a +0 short sword and wearing a +0 scale mail (moderately wounded)
You feel a surge of power!
You miscast Freeze.
You are very lightly contaminated with residual magic.
Nothing appears to happen.
Duvessa closely misses you.
Casting: Freeze (safe; 3% risk of failure)
Confirm with . or Enter, or press ? or * to list all spells.
Aiming: Freeze (safe; 3% risk of failure)
Press: ? - help, Shift-Dir - straight line, f/p - Duvessa
Aim: Duvessa, wielding a +0 short sword and wearing a +0 scale mail (moderately wounded)
You feel a surge of power!
You freeze Duvessa!
Duvessa is heavily wounded.
A goblin comes into view. It is wielding a +0 club.
Duvessa hits you with a +0 short sword!
Casting: Freeze (safe; 3% risk of failure)
Confirm with . or Enter, or press ? or * to list all spells.
Aiming: Freeze (safe; 3% risk of failure)
Press: ? - help, Shift-Dir - straight line, f/p - Duvessa
Aim: Duvessa, wielding a +0 short sword and wearing a +0 scale mail (heavily wounded)
You feel a surge of power!
You freeze Duvessa!
Duvessa is severely wounded.
The goblin shouts!
Duvessa hits you but does no damage.
You hit Duvessa but do no damage.
You touch Duvessa.
Duvessa is almost dead.
Duvessa hits you with a +0 short sword.
You barely miss Duvessa.
Duvessa is almost dead.
Duvessa hits you with a +0 short sword!
* * * LOW HITPOINT WARNING * * *
It was a potion of cancellation.
You feel magically purged.
Your magical contamination has completely faded away.
An endoplasm comes into view.
Duvessa is struck by your spines. Duvessa hits you with a +0 short sword.
You die...

####.###################
J...g)e@)).....#........
.#############.#.#######
.................
###.###.#........ #.#
#.#.#...... #.#
#.#........
#######.###.#.##.....
............#.##.....
#######.#####.##.....


You could see Duvessa, an endoplasm (wandering) and a goblin.

Vanquished Creatures
  Terence (D:3)
  Robin (D:4)
  3 adders
  An ufetubus (D:4)
  2 worms
  8 ball pythons
  2 endoplasms (D:2)
  4 giant cockroaches
  7 goblins
  3 hobgoblins
  3 jackals (D:1)
  2 quokkas (D:1)
  4 frilled lizards
  5 kobolds
  5 rats
51 creatures vanquished.

Notes
Turn   | Place    | Note
-------+----------+-------------------------------------------
     0 | D:1      | Allula97 the Demonspawn Ice Elementalist began the quest
                  | for the Orb.
     0 | D:1      | Reached XP level 1. HP: 13/13 MP: 3/3
   319 | D:1      | Gained mutation: You are partially covered in sharp spines.
                  | [demonic ancestry]
   319 | D:1      | Reached XP level 2. HP: 9/20 MP: 0/5
   324 | D:1      | Reached skill level 4 in Ice Magic
   558 | D:1      | Found Zyekox's Antique Weapon Shop.
   561 | D:1      | Found Ceklid's Assorted Antiques.
   606 | D:1      | Bought a scroll labelled NAICOTWA NARUR for 30 gold pieces
   825 | D:1      | Found a faded altar of an unknown god.
  1279 | D:1      | Bought a scroll labelled YCIYNG QEESADYO for 30 gold pieces
  1397 | D:2      | Reached XP level 3. HP: 22/25 MP: 4/6
  1694 | D:2      | Learned a level 3 spell: Frozen Ramparts
  1999 | D:1      | Bought 2 ruby potions for 54 gold pieces
  2144 | D:3      | Noticed Terence
  2151 | D:3      | Killed Terence
  2152 | D:3      | Reached skill level 1 in Fighting
  2152 | D:3      | Gained mutation: Your touch may inflict minor irresistible
                  | damage on your foes. [demonic ancestry]
  2152 | D:3      | Reached XP level 4. HP: 31/32 MP: 1/8
  2920 | D:4      | Reached skill level 1 in Evocations
  2971 | D:4      | Noticed Robin
  2980 | D:4      | Killed Robin
  2986 | D:4      | Noticed Duvessa
  2996 | D:4      | Slain by Duvessa

Illustrated notes

Levels and vault maps discovered:
D:1:      ncdulo_watergridlock, layout_loops_ring, serial_shops,
          nicolae_shop_waterfront, shop, nicolae_ecumenical_lake_church
D:2:      minmay_diamond_boxcup, layout_rooms, basic_altar
D:3:      layout_basic, minmay_misc_feat_x, uniq_terence
D:4:      layout_basic, lightli_minifort, uniq_duvessa, uniq_robin

Skill      XL: |  1  2  3  4 |
---------------+-------------+-----
Ice Magic      | 4 |  4.5
Fighting       | 1 |  1.5
Evocations     | 1 |  1.0
Spellcasting   | 3 |  3.0
Staves         | |  0.1
Armour         | |  0.6
Dodging        | |  1.8
Stealth        | |  1.7

Action                   |  1- 3 |  4- 6 || total
-------------------------+-------+-------++-------
Melee: Staff             |    29 |     7 ||    36
       Unarmed           |     1 |       ||     1
       Touch             |       |     2 ||     2
 Cast: Freeze            |    33 |    12 ||    45
       Frozen Ramparts   |     1 |     2 ||     3
  Use: Scroll            |     1 |     1 ||     2
       Potion            |       |     1 ||     1
 Stab: Sleeping          |     6 |       ||     6
Armor: Robe              |     6 |       ||     6
       Leather armour    |     7 |     5 ||    12
Dodge: Dodged            |    22 |     9 ||    31
